 Dungeon Crawl Stone Soup version 0.28.0 (webtiles) character file.

Game seed: 10313406279725583102

71 crazypyro the Shield-Bearer (level 4, -2/40 HPs)
             Began as a Minotaur Fighter on Feb 9, 2022.
             Slain by a gnoll (5 damage)
             ... on level 2 of the Dungeon.
             The game lasted 00:01:03 (1374 turns).

crazypyro the Shield-Bearer (Minotaur Fighter)      Turns: 1374, Time: 00:01:04

Health: -2/40      AC:  7    Str: 22    XL:     4   Next: 5%
Magic:  3/3        EV:  9    Int:  5    God:
Gold:   47         SH:  4    Dex: 10    Spells: 3/3 levels left

rFire   . . .      SeeInvis .   a - +0 war axe
rCold   . . .      Faith    .   c - +0 buckler
rNeg    + . .      Spirit   .   b - +0 scale mail
rPois   .          Reflect  .   (helmet restricted)
rElec   .          Harm     .   (no cloak)
rCorr   .          Rampage  .   (no gloves)
Will    .....                   (no boots)
Stlth   ..........              (no amulet)
HPRegen 0.13/turn               f - ring of positive energy
MPRegen 0.08/turn               (no ring)

@: no status effects
A: horns 2, retaliatory headbutt
a: no special abilities


You were on level 2 of the Dungeon.
You visited 1 branch of the dungeon, and saw 2 of its levels.

You collected 47 gold pieces.

Inventory:

Hand Weapons
 a - a +0 war axe (weapon)
Armour
 b - a +0 scale mail (worn)
 c - a +0 buckler (worn)
Jewellery
 f - a ring of positive energy (left hand)
Scrolls
 e - a scroll of identify {unknown}
 i - a scroll of fear {unknown}
Potions
 d - a potion of might
 g - a potion of lignification {unknown}
 h - a potion of curing {unknown}


   Skills:
 + Level 4.2 Fighting
 * Level 3.8 Axes
 + Level 4.1 Armour
 + Level 4.2 Shields


You had 3 spell levels left.
You didn't know any spells.
Your spell library was empty.

Dungeon Overview and Level Annotations

Branches:
Dungeon (2/15)

Altars:


Innate Abilities, Weirdness & Mutations

You have a pair of horns on your head.
You reflexively headbutt those who attack you in melee.


Message History

The gnoll is almost dead.
The gnoll barely misses you. x2
A gnoll comes into view. It is wielding a +0 club.
The gnoll closely misses you.
You barely miss the gnoll.
The gnoll is almost dead.
The gnoll barely misses you. x2
You hit the gnoll.
You kill the gnoll!
The gnoll hits you but does no damage.
A gnoll comes into view. It is wielding a +0 whip.
The gnoll misses you.
The gnoll shouts!
The gnoll closely misses you. You furiously retaliate!
You headbutt the gnoll, but do no damage.
The gnoll hits you with a +0 halberd.
You see here a +0 club.
You closely miss the gnoll. You hit the gnoll.
The gnoll hits you with a +0 club. The gnoll hits you with a +0 halberd.
You completely miss the gnoll.
The gnoll is moderately wounded.
You hit the gnoll. The gnoll hits you with a +0 halberd!
The gnoll hits you with a +0 club.
You are too injured to fight recklessly!
You are too injured to fight recklessly!
You closely miss the gnoll. Your headbutt misses the gnoll.
You closely miss the gnoll. You hit the gnoll.
The gnoll hits you with a +0 halberd!
* * * LOW HITPOINT WARNING * * *
The gnoll misses you. You block the gnoll's attack.
The gnoll barely misses you. You furiously retaliate!
You headbutt the gnoll!
You kill the gnoll!
You have reached level 4!
You feel agile.
You barely miss the gnoll.
The gnoll is moderately wounded.
You closely miss the gnoll. The gnoll barely misses you.
You furiously retaliate!
You headbutt the gnoll. The gnoll closely misses you.
The gnoll hits you with a +0 whip.
You die...

#. .. #. #. #.### #...
######g)# .# ......g@# .#
#######.##.#
#......†.##### #####
#.##.†.†.....# #...#
#.##.........# #.<.#
#.##.........# #...#
#............#
###...######............#
..........##..#.†........


You could see 2 gnolls.

Vanquished Creatures
  2 gnolls (D:2)
  2 dart slugs
  3 endoplasms
  4 giant cockroaches (D:1)
  2 goblins
  4 hobgoblins
  11 jackals
  A quokka (D:1)
  4 ball pythons
  2 bats (D:2)
  2 frilled lizards (D:1)
  2 kobolds
  2 rats
41 creatures vanquished.

Notes
Turn   | Place    | Note
-------+----------+-------------------------------------------
     0 | D:1      | crazypyro the Minotaur Fighter began the quest for the Orb.
     0 | D:1      | Reached XP level 1. HP: 19/19 MP: 0/0
   425 | D:1      | Reached XP level 2. HP: 27/27 MP: 1/1
   827 | D:1      | Reached XP level 3. HP: 18/33 MP: 2/2
  1374 | D:2      | Reached XP level 4. HP: 2/40 MP: 3/3
  1374 | D:2      | Slain by a gnoll

Illustrated notes

Levels and vault maps discovered:
D:1:      dpeg_arrival_windows_large_door, layout_basic, st_stairs_9,
          minmay_worlds_worst_comb
D:2:      layout_loops_ring, grunt_decor_resistance,
          nicolae_elevator_lobby_plus, uniq_terence

Skill      XL: |  1  2  3 |
---------------+----------+-----
Axes           | 3 |  3.8
Shields        | 4 |  4.2
Fighting       | 4 |  4.2
Armour         | 4 |  4.1

Action                   |  1- 3 |  4- 6 || total
-------------------------+-------+-------++-------
Melee: War axe           |    94 |     1 ||    95
       Headbutt          |    11 |       ||    11
Armor: Scale mail        |    43 |       ||    43
Dodge: Dodged            |    57 |     2 ||    59
Block: Buckler           |    20 |       ||    20
